Map: [ESL] Royal Blood

Players

Serral - Winner!

  • Race: Zerg Zerg
  • League: Diamond
  • Spawn Location: 7:00

Reynor

  • Race: Zerg Zerg
  • Spawn Location: 1:00

Event: ESL SC2 Masters 2023 Summer (Finals)

VOD

Have the link to the VOD?

Description

Time

  • Played on: June 18, 2023, 12:14 p.m.
  • Length: 21:00

All games in this series

Show
View Real Time Build Order
Export as new Build Order

Serral Zerg - Winner!

Build Orders: Hatch First 

Get SALT Encoding   

  12  0:00  Drone  
  13  0:12  Overlord  
  13  0:16  Drone  
  14  0:30  Drone x2  
  16  0:47  Hatchery  
  15  0:50  Drone  
  15  0:54  Drone  
  18  0:57  Drone  
  18  1:07  Extractor  
  17  1:12  Spawning Pool  
  17  1:15  Drone  
  17  1:18  Drone  
  18  1:27  Drone  
  19  1:38  Drone  
  20  1:49  Drone  
  21  1:58  Queen  
  21  1:59  Queen  
  21  2:00  Overlord, Zergling x2  
  26  2:08  Metabolic Boost  
  26  2:10  Drone x2  
  28  2:20  Zergling x2  
  28  2:22  Drone  
  30  2:31  Hatchery  
  30  2:34  Drone  
  30  2:37  Drone  
  30  2:42  Drone  
  32  2:47  Baneling Nest  
  32  2:49  Overlord  
  31  2:53  Drone  
  31  2:54  Drone  
  33  3:06  Drone x3  
  33  3:07  Zergling x2  
  33  3:08  Zergling x4  
  33  3:12  Overlord  
  39  3:14  Drone  
  39  3:18  Drone  
  41  3:22  Drone  
  41  3:25  Queen  
  44  3:30  Drone x2  
  46  3:38  Drone x5  
  46  3:40  Drone  
  52  3:47  Extractor, Evolution Chamber  
  52  3:48  Roach Warren  
  49  3:50  Drone  
  50  3:56  Overlord  
  50  3:57  Drone x2  
  50  4:00  Drone x2  
  54  4:06  Overlord  
  54  4:08  Overlord  
  53  4:13  Overlord  
  53  4:22  Zergling x2  
  53  4:28  Roach x2  
  57  4:34  Roach x3  
  57  4:35  Roach x3  
  69  4:44  Roach x2  
  69  4:45  Roach  
  75  4:48  Roach x2  
  75  4:49  Roach x3  
  75  4:52  Overlord  
  85  4:56  Roach  
  85  4:58  Overlord  
  87  5:03  Overlord  
  87  5:04  Zergling x6  
  90  5:09  Baneling x4  
  90  5:11  Zergling x8  
  94  5:14  Overlord  
  94  5:16  Zergling x6  
  94  5:18  Baneling  
  94  5:19  Baneling  
  98  5:21  Zergling x6  
  98  5:26  Zergling x4  
  101  5:30  Zergling x4  
  102  5:37  Zergling x6  
  102  5:42  Zergling x6  
  104  5:44  Zerg Missile Weapons Level 1  
  104  5:46  Zergling x6  
  102  5:51  Zergling x10  
  102  5:56  Zergling x2  
  103  6:02  Zergling x6  
  104  6:05  Lair  
  100  6:13  Zergling x6  
  89  6:23  Zergling x4  
  83  6:28  Drone  
  83  6:31  Drone x3  
  83  6:32  Drone  
  82  6:37  Drone x5  
  82  6:44  Drone  
  82  6:47  Drone x2  
  82  6:50  Extractor  
  81  6:56  Roach x2, Extractor  
  81  7:00  Roach x5  
  94  7:03  Hatchery  
  94  7:05  Overseer, Glial Reconstitution  
  94  7:08  Drone x2  
  94  7:13  Drone x2  
  94  7:14  Drone  
  94  7:15  Overlord  
  97  7:16  Overlord  
  97  7:17  Extractor, Queen  
  97  7:20  Drone x2  
  100  7:23  Extractor  
  100  7:27  Drone x2  
  100  7:28  Drone  
  100  7:29  Drone x5  
  107  7:34  Overlord  
  107  7:38  Overlord  
  107  7:39  Overseer  
  107  7:41  Roach x4  
  115  7:46  Roach  
  115  7:50  Ravager  
  115  7:51  Roach x2  
  122  7:54  Roach  
  122  7:55  Spine Crawler  
  122  7:56  Overlord  
  123  7:58  Roach  
  123  7:59  Roach x3  
  123  8:00  Zerg Missile Weapons Level 2  
  123  8:02  Overlord  
  131  8:08  Roach x4  
  131  8:09  Roach  
  142  8:17  Overlord  
  142  8:18  Burrow  
  141  8:22  Roach  
  141  8:23  Roach x3  
  141  8:24  Tunneling Claws  
  148  8:28  Drone x2  
  148  8:29  Pneumatized Carapace  
  148  8:33  Overlord  
  150  8:40  Roach x6  
  162  8:44  Overlord  
  162  8:45  Overlord  
  162  8:47  Ravager  
  163  8:52  Roach x4  
  171  8:57  Overlord  
  171  9:03  Roach x3  
  177  9:11  Ravager x2  
  177  9:13  Overlord  
  179  9:18  Roach x5  
  179  9:23  Overlord  
  187  9:33  Roach x2  
  187  9:37  Roach x5  
  186  9:43  Roach x15  
  186  9:44  Roach x8  
  198  9:46  Roach x5  
  198  9:50  Roach x2  
  200  10:11  Roach x3  
  198  10:17  Roach x2  
  178  10:23  Roach x3  
  178  10:24  Roach x20  
  178  10:27  Roach  
  178  10:28  Roach x5  
  190  10:34  Roach  
  188  10:35  Roach  
  188  10:38  Roach, Roach Warren  
  165  10:43  Roach x21  
  165  10:44  Roach  
  165  10:49  Roach x6  
  165  10:55  Roach x2  
  148  10:59  Roach x6  
  152  11:06  Roach x3  
  141  11:13  Roach x3  
  141  11:17  Roach x3  
  140  11:22  Roach  
  134  11:26  Roach x2  
  134  11:28  Ravager  
  134  11:29  Ravager x3  
  134  11:31  Ravager x2  
  142  11:34  Roach x2  
  142  11:37  Spawning Pool  
  142  11:38  Roach  
  147  11:40  Overseer  
  147  11:42  Ravager  
  147  11:44  Roach  
  152  11:47  Roach x2  
  156  11:54  Roach  
  156  11:57  Roach  
  156  12:00  Roach x3  
  164  12:03  Ravager x2  
  164  12:05  Roach  
  168  12:15  Roach  
  170  12:19  Roach  
  170  12:24  Roach x5  
  170  12:26  Roach x8  
  170  12:27  Queen  
  188  12:35  Roach x3  
  194  12:47  Overlord  
  194  12:49  Overlord  
  194  12:51  Spire  
  193  13:05  Extractor x2  
  190  13:06  Overlord  
  190  13:08  Ravager  
  190  13:10  Roach x47  
  190  13:11  Roach x5  
  196  13:23  Roach x4  
  196  13:26  Overseer  
  200  13:33  Overseer  
  200  13:36  Zerg Ground Armor Level 1  
  200  14:00  Roach x44  
  193  14:04  Roach  
  193  14:05  Roach x2  
  187  14:10  Mutalisk x6  
  199  14:21  Roach x44  
  199  14:22  Mutalisk x2  
  199  14:25  Zerg Flyer Armor Level 1  
  199  14:28  Mutalisk x4  
  199  14:36  Mutalisk x4  
  197  14:40  Roach x33  
  197  14:44  Mutalisk x2  
  174  14:53  Mutalisk x2  
  168  15:01  Mutalisk  
  168  15:02  Queen x3  
  168  15:03  Queen  
  176  15:15  Mutalisk x3  
  180  15:26  Mutalisk x3  
  181  15:46  Roach x26  
  181  15:48  Overlord x2  
  175  15:50  Roach x8  
  185  15:58  Roach x5  
  185  16:01  Roach x3  
  191  16:09  Roach x4  
  189  16:12  Ravager x5  
  185  16:21  Roach x3  
  185  16:31  Roach  
  185  16:32  Roach x3  
  173  16:40  Ravager  
  173  16:42  Ravager x2  
  173  16:43  Roach x2  
  178  16:49  Roach x2  
  184  16:54  Roach x2  
  184  17:01  Roach x2  
  188  17:05  Roach  
  190  17:18  Roach x16  
  190  17:27  Roach  
  190  17:28  Roach x4  
  200  17:45  Roach x7  
  200  17:46  Roach x6  
  200  17:47  Roach  
  200  17:50  Roach x2  
  200  17:57  Roach x3  
  199  18:04  Roach x2  
  160  18:39  Roach x2  
  160  18:41  Roach x4  
  163  18:42  Drone x4  
  158  19:09  Roach x48  
  155  19:15  Hatchery, Overlord x2  
  149  19:42  Roach x4  
  157  19:46  Ravager  
Show
View Real Time Build Order
Export as new Build Order

Reynor Zerg 

Build Orders: Hatch First 

Get SALT Encoding   

  12  0:00  Drone  
  13  0:11  Overlord  
  13  0:16  Drone  
  14  0:29  Drone  
  14  0:30  Drone  
  16  0:47  Hatchery  
  15  0:50  Drone  
  15  0:54  Drone  
  17  0:57  Drone  
  18  1:08  Extractor  
  17  1:12  Spawning Pool  
  17  1:15  Drone  
  17  1:19  Drone  
  18  1:27  Drone  
  19  1:37  Drone  
  20  1:48  Drone  
  21  1:59  Overlord, Queen x2  
  21  2:00  Zergling x2  
  26  2:07  Metabolic Boost  
  26  2:10  Drone  
  26  2:11  Drone  
  28  2:20  Drone  
  28  2:21  Drone  
  30  2:33  Hatchery  
  30  2:35  Drone  
  30  2:41  Baneling Nest  
  30  2:43  Zergling x2  
  30  2:46  Drone  
  30  2:48  Drone  
  32  2:53  Overlord  
  32  2:55  Drone  
  33  3:03  Drone  
  34  3:07  Drone  
  34  3:08  Drone  
  34  3:11  Zergling x2  
  37  3:13  Drone x2, Evolution Chamber  
  37  3:17  Queen  
  40  3:21  Overlord  
  40  3:24  Drone  
  40  3:26  Drone  
  42  3:33  Zergling x2  
  43  3:34  Drone  
  43  3:40  Zerg Missile Weapons Level 1  
  44  3:41  Drone  
  44  3:42  Drone x3  
  44  3:43  Drone  
  44  3:45  Baneling  
  44  3:46  Drone  
  50  3:51  Overlord  
  50  3:52  Drone  
  50  3:53  Drone  
  52  3:58  Drone  
  52  4:00  Drone x2  
  56  4:02  Drone  
  56  4:03  Drone  
  56  4:09  Drone, Roach Warren  
  57  4:11  Extractor, Drone x2  
  57  4:14  Drone  
  57  4:16  Drone  
  60  4:20  Overlord  
  60  4:21  Drone  
  60  4:23  Lair  
  60  4:24  Drone  
  60  4:25  Extractor  
  60  4:28  Drone x2  
  62  4:34  Drone x2  
  62  4:35  Drone  
  62  4:36  Overlord  
  65  4:42  Drone x3  
  65  4:43  Drone  
  65  4:44  Overlord  
  69  4:50  Drone x2  
  69  4:51  Overlord  
  71  4:56  Extractor  
  71  4:58  Drone x2  
  71  4:59  Roach x2  
  75  5:00  Spine Crawler  
  75  5:02  Roach, Spine Crawler  
  75  5:03  Roach  
  75  5:06  Roach x3  
  83  5:09  Baneling  
  83  5:10  Overlord  
  83  5:14  Roach, Spine Crawler  
  83  5:15  Roach  
  86  5:21  Roach x3  
  86  5:22  Roach  
  86  5:25  Overlord  
  86  5:26  Roach  
  95  5:34  Roach x2  
  95  5:35  Roach x2  
  100  5:38  Roach x3  
  98  5:43  Roach  
  98  5:49  Roach x3  
  94  5:57  Roach x2  
  94  5:58  Queen x2  
  94  6:00  Roach  
  101  6:08  Roach x2  
  101  6:10  Queen  
  100  6:11  Roach  
  100  6:15  Glial Reconstitution  
  100  6:18  Roach  
  94  6:20  Roach  
  94  6:22  Roach  
  84  6:30  Roach x3  
  83  6:37  Zerg Missile Weapons Level 2  
  83  6:39  Drone  
  81  6:41  Drone x2  
  81  6:50  Drone x2  
  81  6:52  Drone  
  84  6:55  Evolution Chamber  
  84  7:01  Drone x2  
  85  7:02  Drone  
  85  7:07  Drone x3  
  89  7:10  Extractor, Overseer  
  89  7:12  Drone x2  
  89  7:13  Roach x3, Pneumatized Carapace  
  89  7:14  Extractor  
  95  7:16  Roach, Overseer  
  95  7:21  Zerg Ground Armor Level 1  
  97  7:23  Roach x3  
  97  7:25  Drone  
  97  7:27  Drone x2  
  106  7:33  Overlord  
  106  7:40  Roach x3  
  106  7:41  Roach  
  114  7:46  Overlord  
  114  7:50  Overlord  
  118  7:58  Roach x3  
  118  8:00  Overlord  
  118  8:02  Overlord  
  120  8:05  Hatchery  
  120  8:08  Roach x3  
  120  8:12  Overlord  
  125  8:13  Roach  
  125  8:22  Overlord  
  125  8:25  Roach x5  
  135  8:29  Roach x2  
  139  8:37  Ravager x5  
  139  8:38  Roach x3  
  150  8:45  Roach x4  
  150  8:47  Ravager  
  159  8:49  Ravager  
  159  8:50  Ravager x2  
  159  8:51  Roach  
  164  9:00  Roach x3  
  170  9:03  Overlord  
  170  9:07  Overlord x2  
  170  9:08  Overlord  
  170  9:11  Overlord  
  170  9:18  Roach x3  
  174  9:24  Roach x2  
  174  9:25  Roach x3  
  182  9:36  Roach x8  
  183  9:46  Roach x5  
  183  9:49  Overseer x2  
  193  9:56  Roach x3  
  199  10:00  Overseer  
  194  10:10  Roach x5  
  190  10:17  Roach x5  
  189  10:21  Roach x3  
  189  10:27  Roach x2  
  189  10:28  Roach  
  184  10:34  Roach x3  
  184  10:35  Roach  
  184  10:43  Roach x3  
  184  10:49  Roach x3  
  170  10:50  Roach  
  150  10:57  Roach x3  
  150  11:02  Roach  
  152  11:06  Roach  
  145  11:14  Roach x2  
  145  11:17  Roach  
  123  11:22  Roach x2  
  116  11:26  Roach  
  116  11:27  Queen  
  116  11:28  Ravager  
  116  11:29  Ravager x7  
  116  11:30  Roach  
  116  11:31  Zergling x2  
  131  11:36  Roach  
  131  11:37  Ravager  
  131  11:39  Roach  
  136  11:41  Roach, Queen  
  140  11:47  Roach  
  140  11:48  Roach  
  140  11:49  Zergling x2  
  140  11:50  Zergling x2  
  140  11:51  Ravager  
  140  11:53  Roach  
  149  11:57  Ravager  
  149  11:58  Roach  
  149  12:00  Roach  
  154  12:02  Roach  
  154  12:04  Ravager  
  154  12:05  Roach  
  159  12:15  Roach x3  
  157  12:23  Roach x5  
  167  12:31  Drone  
  167  12:33  Spire  
  167  12:34  Roach  
  169  12:41  Roach x2  
  170  12:51  Roach  
  170  12:56  Hatchery  
  170  12:58  Roach x2  
  172  13:19  Zerg Ground Armor Level 2  
  170  13:28  Drone x5  
  174  13:45  Mutalisk x7  
  188  13:50  Drone x5  
  188  13:55  Mutalisk x3  
  199  14:08  Roach x6  
  187  14:14  Roach x2  
  191  14:25  Roach x4  
  193  14:38  Roach x4  
  197  14:47  Roach x5  
  192  14:53  Hydralisk Den  
  181  15:00  Drone x4  
  181  15:02  Spore Crawler  
  181  15:07  Spore Crawler  
  170  15:21  Spore Crawler  
  170  15:22  Hydralisk x8  
  170  15:27  Muscular Augments  
  183  15:31  Hydralisk  
  183  15:32  Hydralisk  
  185  15:38  Roach x2  
  171  15:45  Roach x3  
  174  15:51  Roach x3  
  174  15:57  Roach x3  
  174  15:59  Hydralisk  
  182  16:04  Roach  
  182  16:05  Roach  
  182  16:09  Hydralisk  
  178  16:14  Hydralisk x2  
  182  16:23  Hydralisk x2  
  181  16:26  Hydralisk  
  181  16:30  Hydralisk  
  175  16:36  Overlord  
  175  16:38  Hydralisk  
  175  16:44  Hydralisk  
  175  16:47  Overlord  
  175  16:49  Hydralisk  
  175  16:56  Spore Crawler  
  175  16:59  Hydralisk  
  176  17:09  Ravager x3  
  179  17:20  Roach x4  
  182  17:25  Overlord  
  182  17:29  Roach  
  180  17:34  Roach, Spore Crawler  
  181  17:38  Overlord  
  181  17:49  Roach x5  
  184  17:58  Roach x2  
  175  18:07  Roach x2  
  147  18:43  Roach x2  
  151  18:48  Drone  
  139  19:28  Spore Crawler  
  139  19:29  Spore Crawler  
  139  19:30  Spore Crawler  
  113  19:53  Spore Crawler  
  113  19:58  Zergling x2  
  111  20:08  Zergling x2  
Tags
 
Add a new tag
Caveats
  • Supply blocks, unpowered buildings, or Contaminate may cause inaccurate times.
  • Supply counts are checked every 10 seconds.